 Dungeon Crawl Stone Soup version 0.30-a0-728-gc68057be0a (webtiles) character file.

Game seed: 2005638023172351295

6199 Pooter the Cleaver (level 10, -2/90 HPs)
             Began as a Minotaur Fighter on Jan 31, 2023.
             Was an Elder of Okawaru.
             Slain by a death yak (16 damage)
             ... on level 8 of the Dungeon.
             The game lasted 00:40:29 (7596 turns).

Pooter the Cleaver (Minotaur Fighter)               Turns: 7596, Time: 00:40:30

Health: -2/90      AC: 17    Str: 26    XL:     10   Next: 61%
Magic:  12/13      EV:  9    Int:  5    God:    Okawaru [****..]
Gold:   1675       SH:  0    Dex: 15    Spells: 9/9 levels left

rFire   . . .      SeeInvis .    a - +3 broad axe (freeze)
rCold   . . .      Faith    .    (no shield)
rNeg    . . .      Spirit   .    K - +0 plate armour
rPois   .          Reflect  .    (helmet restricted)
rElec   .          Harm     .    G - +0 cloak
rCorr   .          Rampage  .    (no gloves)
Will    .....                    n - +1 pair of boots Stlth
                                 I - amulet of the acrobat
HPRegen 0.35/turn                x - ring of flight
MPRegen 0.13/turn                B - +6 ring of dexterity

@: heroic, flying, studying Throwing
A: horns 2, retaliatory headbutt
a: Renounce Religion, Heroism, Finesse


You were on level 8 of the Dungeon.
You worshipped Okawaru.
Okawaru was greatly pleased with you.
You visited 1 branch of the dungeon, and saw 9 of its levels.

You collected 1925 gold pieces.
You spent 250 gold pieces at shops.

Inventory:

Hand Weapons
 a - a +3 broad axe of freezing (weapon)
   (You acquired it on level 6 of the Dungeon)
 b - a +0 arbalest
   (You found it on level 8 of the Dungeon)
 d - a +1 heavy trident
   (You took it off a gnoll sergeant on level 8 of the Dungeon)
 i - a +0 sling
   (You found it on level 4 of the Dungeon)
 L - a +2 war axe
 O - a +2 shortbow of freezing
   (You took it off a centaur on level 7 of the Dungeon)
 R - a +2 halberd of freezing
   (You took it off a gnoll on level 8 of the Dungeon)
Missiles
 p - 3 boomerangs
 v - 2 javelins
 F - 30 poisoned darts (quivered)
 J - a curare-tipped dart
 N - 6 atropa-tipped darts
 Q - 105 stones
Armour
 c - a +0 buckler
 n - a +1 pair of boots (worn)
   (You found it on level 3 of the Dungeon)
 G - a +0 cloak (worn)
   (You found it on level 5 of the Dungeon)
 K - a +0 plate armour (worn)
   (You took it off an orc warrior on level 6 of the Dungeon)
Jewellery
 x - a ring of flight (left hand)
   (You took it off a hobgoblin on level 4 of the Dungeon)
 B - a +6 ring of dexterity (right hand)
   (You bought it in a shop on level 5 of the Dungeon)
 I - an amulet of the acrobat (around neck)
   (You found it on level 6 of the Dungeon)
Wands
 f - a wand of flame (30)
   (You found it on level 4 of the Dungeon)
 q - a wand of roots (9)
   (You took it off Ijyb on level 4 of the Dungeon)
 w - a wand of mindburst (5)
   (You took it off a hobgoblin on level 4 of the Dungeon)
 M - a wand of quicksilver (12)
   (You found it on level 7 of the Dungeon)
Scrolls
 g - a scroll of noise {unknown}
 l - 3 scrolls of blinking
 m - 3 scrolls of immolation {!r}
 s - a scroll of fear
 z - a scroll of amnesia {unknown}
 A - 2 scrolls of poison {unknown}
 C - a scroll of fog {unknown}
 D - a scroll of enchant armour {unknown}
 E - a scroll of torment {!r}
Potions
 e - 2 potions of invisibility {unknown}
 h - 5 potions of curing {@q1}
 k - 4 potions of flight
 o - a potion of might
 r - a potion of berserk rage {unknown}
 t - 3 potions of heal wounds {@q2}
 u - 3 potions of brilliance {unknown}
 y - 2 potions of ambrosia {unknown}
 H - 4 potions of lignification {!q}
 P - a potion of mutation {unknown}


   Skills:
 + Level 8.6(13.6) Fighting
 * Level 11.2(16.2) Axes
 * Level 9.0(14.0) Ranged Weapons
 + Level 4.2(9.2) Throwing
 - Level 3.6(8.6) Armour
 - Level 3.6(8.6) Shields
 + Level 5.6 Invocations
 - Level 4.1 Evocations


You had 9 spell levels left.
You didn't know any spells.
Your spell library contained the following spells:

 Spells                   Type           Power      Damage    Failure   Level
 Magic Dart               Conj           0%         1d3       99%         1
 Sandblast                Erth           0%         2d4       99%         1
 Shock                    Conj/Air       0%         1d3       99%         1
 Slow                     Hex            0%         N/A       99%         1
 Ensorcelled Hibernation  Hex/Ice        0%         N/A       100%        2
 Passwall                 Tmut/Erth      0%         N/A       100%        2
 Spider Form              Tmut/Pois      0%         N/A       100%        3
 Stone Arrow              Conj/Erth      0%         3d7       100%        3
 Anguish                  Hex/Necr       0%         N/A       100%        4
 Malign Gateway           Summ/Tloc      Unusable   N/A       N/A         7
 Summon Horrible Things   Summ           Unusable   N/A       N/A         8

Dungeon Overview and Level Annotations

Branches:
Dungeon (9/15)             Temple (0/1) D:6
   Lair: D:8-11         Orc: D:9-12

Altars:
Dithmenos
Nemelex Xobeh
Okawaru
Qazlal
Uskayaw
Vehumet

Shops:
D:5 *

Annotations:
D:2 1 runed translucent door, Crazy Yiuf


Innate Abilities, Weirdness & Mutations

You have a pair of horns on your head.
You reflexively headbutt those who attack you in melee.


Message History

You slash the yak! You freeze the yak. You headbutt the yak, but do no damage.
The yak gores you but does no damage.
You slice the yak!! You freeze the yak.
You kill the yak!
Okawaru accepts your kill.
You start resting.
You fly downwards.
The yak gores you!
A yak comes into view.
The yak gores you!
There is a stone staircase leading up, spattered with blood here.
The death yak gores you. The yak gores you but does no damage.
You fly upwards.
There is a stone staircase leading down here.
You gain the combat prowess of a mighty hero.
The yak gores you. The death yak gores you!
You completely miss the death yak.
You headbutt the death yak, but do no damage.
You hit the yak but do no damage. The yak gores you!
* * * LOW HITPOINT WARNING * * *
The death yak gores you.
* * * LOW HITPOINT WARNING * * *
You slice the death yak!! You freeze the death yak.
You completely miss the yak. You completely miss the death yak.
You headbutt the death yak, but do no damage.
You hit the yak. You freeze the yak. The yak barely misses you.
You furiously retaliate!
You headbutt the yak! The death yak closely misses you.
You hit the death yak but do no damage. You slash the yak! You freeze the yak.
The yak gores you.
* * * LOW HITPOINT WARNING * * *
The death yak gores you but does no damage.
You slash the death yak! You freeze the death yak. You hit the yak.
You freeze the yak. The yak misses you. You furiously retaliate!
You headbutt the yak, but do no damage. The death yak gores you!
* * * LOW HITPOINT WARNING * * *
You hit the death yak. You freeze the death yak. You headbutt the death yak.
You barely miss the yak. The yak gores you.
* * * LOW HITPOINT WARNING * * *
The death yak gores you!
* * * LOW HITPOINT WARNING * * *
You slash the death yak! You freeze the death yak. You slash the yak!
You freeze the yak.
You kill the yak!
Okawaru accepts your kill.
Your base Ranged Weapons skill increases to level 9!
You barely miss the death yak.
You headbutt the death yak, but do no damage.
Your punch misses the death yak. The death yak gores you!
You die...

#.## #........# #.<#
#........###### #..#
#.............# #..#
##.#####......# #..# #.#
#......# #..# #.#
#.))...# #..# #.#
#......#
##..########.#####......#
#.......@................
###.####†Y...............
#.# #####.............
#.#######...####......#
#.....................)
####........####......#
#.......## #......#
#.......# #......#
#.......# #......#


You could see a death yak.

Vanquished Creatures
  3 two-headed ogres
  Grinder (D:6)
  7 yaks
  A steam dragon (D:7)
  Menkaure (D:6)
  A water moccasin (D:5)
  2 sky beasts
  An orc warrior (D:6)
  2 ice beasts
  A black bear (D:7)
  4 centaurs
  An ogre (D:4)
  3 phantoms
  A bullfrog (D:4)
  4 kobold brigands
  Blork the orc (D:4)
  2 gnoll sergeants
  5 scorpions
  4 killer bees (D:9)
  3 howler monkeys
  3 hounds
  An orc priest (D:5)
  2 jellies
  Ijyb (D:4)
  4 orc wizards
  5 adders
  12 gnolls
  A shadow imp (D:6)
  2 white imps
  2 ufetubi (D:6)
  A worm (D:4)
  16 orcs
  4 bats
  9 endoplasms
  7 giant cockroaches
  5 goblins
  10 hobgoblins
  3 jackals (D:3)
  22 kobolds
  5 quokkas
  7 ball pythons
  6 frilled lizards
  4 rats
180 creatures vanquished.

Vanquished Creatures (others)
  An orc wizard (D:5)
  5 fungi (D:9)
6 creatures vanquished.

Grand Total: 186 creatures vanquished

Notes
Turn   | Place    | Note
-------+----------+-------------------------------------------
     0 | D:1      | Pooter the Minotaur Fighter began the quest for the Orb.
     0 | D:1      | Reached XP level 1. HP: 19/19 MP: 0/0
     2 | D:1      | Got An Introduction to Hermeneutics
    65 | D:1      | Reached skill level 3 in Axes
   129 | D:1      | Reached XP level 2. HP: 27/27 MP: 1/1
   161 | D:1      | Found a faded altar of an unknown god.
   469 | D:1      | Reached XP level 3. HP: 33/33 MP: 2/2
   556 | D:2      | Reached skill level 4 in Axes
   715 | D:2      | Reached XP level 4. HP: 41/41 MP: 3/3
  1234 | D:2      | Found a runed translucent door.
  1235 | D:2      | Noticed Crazy Yiuf
  1711 | D:3      | Found a shadowy altar of Dithmenos.
  1713 | D:3      | Found a stormy altar of Qazlal.
  1715 | D:3      | Found an iron altar of Okawaru.
  1716 | D:3      | Found a radiant altar of Vehumet.
  1722 | D:3      | Became a worshipper of Warmaster Okawaru
  1775 | D:3      | Reached skill level 5 in Axes
  2167 | D:4      | Noticed an ogre
  2205 | D:4      | Found a hide-covered altar of Uskayaw.
  2276 | D:4      | Killed an ogre
  2277 | D:4      | Reached skill level 5 in Fighting
  2277 | D:4      | Reached skill level 1 in Ranged Weapons
  2277 | D:4      | Reached XP level 5. HP: 48/48 MP: 4/4
  2322 | D:4      | Reached skill level 1 in Invocations
  2322 | D:4      | Reached XP level 6. HP: 47/56 MP: 5/5
  2391 | D:4      | Noticed Blork the orc
  2400 | D:4      | Killed Blork the orc
  2400 | D:4      | Reached * piety under Okawaru
  2401 | D:4      | Reached skill level 6 in Axes
  2630 | D:4      | Noticed Ijyb
  2633 | D:4      | Killed Ijyb
  2762 | D:5      | Entered Level 5 of the Dungeon
  2868 | D:5      | Noticed a water moccasin
  2879 | D:5      | Killed a water moccasin
  2880 | D:5      | Reached XP level 7. HP: 46/61 MP: 7/7
  2950 | D:5      | Found Ishrosme's Assorted Antiques.
  2964 | D:5      | Bought a scroll labelled YPILEV WUHYSTRI for 23 gold pieces
  2964 | D:5      | Bought an encrusted granite ring for 115 gold pieces
  2964 | D:5      | Bought a scroll labelled CISMAO BEPLO for 23 gold pieces
  2964 | D:5      | Bought a ruby potion for 20 gold pieces
  2964 | D:5      | Bought a scroll labelled KUAKHL RIHE for 23 gold pieces
  3078 | D:5      | Reached skill level 1 in Evocations
  3207 | D:5      | Reached skill level 7 in Axes
  3795 | D:5      | Bought a scroll of identify for 46 gold pieces
  3824 | D:6      | Reached XP level 8. HP: 70/70 MP: 7/9
  3877 | D:6      | Found a sparkling altar of Nemelex Xobeh.
  3878 | D:6      | Found a staircase to the Ecumenical Temple.
  3937 | D:6      | Noticed Grinder
  3951 | D:6      | Killed Grinder
  3951 | D:6      | Reached ** piety under Okawaru
  3952 | D:6      | Reached skill level 5 in Ranged Weapons
  4158 | D:6      | Reached skill level 8 in Axes
  4646 | D:6      | Noticed Menkaure
  4650 | D:6      | Killed Menkaure
  5027 | D:6      | Identified 2 scrolls of acquirement
  5028 | D:6      | Acquired 608 gold pieces
  5030 | D:6      | Acquired a +1 broad axe of freezing
  5185 | D:7      | Reached XP level 9. HP: 57/78 MP: 10/10
  5203 | D:7      | Reached skill level 9 in Axes
  5598 | D:7      | You are sucked into a shaft and drop 2 floors!
  5603 | D:9      | Noticed a two-headed ogre
  5614 | D:9      | Killed a two-headed ogre
  5614 | D:9      | Reached *** piety under Okawaru
  5721 | D:8      | Acquired 736 gold pieces
  6127 | D:7      | Reached skill level 10 in Axes
  6310 | D:8      | Reached skill level 1 in Throwing
  6356 | D:8      | Noticed a two-headed ogre
  6365 | D:8      | Killed a two-headed ogre
  6365 | D:8      | Reached **** piety under Okawaru
  6366 | D:8      | Reached skill level 5 in Invocations
  6366 | D:8      | Reached XP level 10. HP: 74/88 MP: 9/12
  6567 | D:8      | Noticed a two-headed ogre
  6573 | D:8      | Killed a two-headed ogre
  7328 | D:9      | Reached skill level 11 in Axes
  7566 | D:9      | Noticed a death yak
  7566 | D:9      | Noticed a death yak
  7566 | D:9      | Noticed a death yak
  7596 | D:8      | Slain by a death yak

Illustrated notes

Levels and vault maps discovered:
D:1:      minmay_arrival_four_circles, layout_rooms,
          chequers_ecumenical_altar_simple_redux, serial_corexii_hall,
          corexii_hall_statues_i, corexii_hall_statues_s
D:2:      layout_basic, uniq_crazy_yiuf_cottage
D:3:      layout_loops_ring, mainiacjoe_overflow_alcove_3
D:4:      layout_basic, nicolae_uskayaw_suspiria, uniq_blork_the_orc, uniq_ijyb
D:5:      layout_loops_ring, serial_shops, shop, mrwooster_statue_mirror
D:6:      layout_loops_corners, nemelex_xobeh_ov_fountains_minmay,
          minmay_temple_entry_grid, uniq_grinder, uniq_menkaure
D:7:      layout_basic, minmay_misc_feat_iff, minmay_manual_mares
D:8:      layout_basic
D:9:      layout_basic, dpeg_lair_monsters, gammafunk_ghost_spectres,
          fungi_pond_lemuel, statue_in_the_mist_lemuel, minmay_fountain_box,
          wad_dig_loot

Skill      XL: |  1  2  3  4  5  6  7  8  9 10 |
---------------+-------------------------------+-----
Axes           | 3 4 5 6 7 8 10 11 | 11.2
Fighting       | 4 5 6 7 8 |  8.6
Ranged Weapons | 1 2 3 4 6 7 9 |  9.0
Invocations    | 1 2 3 5 |  5.6
Evocations     | 1 3 4 |  4.1
Throwing       | 2 4 |  4.2
Armour         | |  3.6
Shields        | |  3.6

Action                     |  1- 3 |  4- 6 |  7- 9 | 10-12 || total
---------------------------+-------+-------+-------+-------++-------
  Melee: War axe           |    61 |   117 |    89 |       ||   267
         Headbutt          |     7 |    11 |    26 |    15 ||    59
         Broad axe         |       |       |    56 |    50 ||   106
         Punch             |       |       |       |     1 ||     1
   Fire: Sling             |       |    24 |    35 |       ||    59
         Shortbow          |       |       |    12 |       ||    12
         Arbalest          |       |       |       |    20 ||    20
  Throw: Boomerang         |       |     3 |       |       ||     3
         Dart              |       |       |     9 |       ||     9
 Invoke: Heroism           |       |     2 |     8 |     2 ||    12
  Evoke: Wand              |       |     2 |     6 |       ||     8
    Use: Potion            |     1 |     1 |     1 |       ||     3
         Scroll            |       |     8 |     9 |       ||    17
 Armour: Scale mail        |    26 |    20 |       |       ||    46
         Chain mail        |       |    21 |    45 |       ||    66
         Plate armour      |       |       |    62 |    42 ||   104
  Dodge: Dodged            |    37 |    50 |    64 |    28 ||   179
  Block: Buckler           |    16 |    23 |    39 |       ||    78

Table legend: (Time is in decaauts)
 A = Elapsed time spent in this place.
 B = Non-inter-level travel time spent in this place.
 C = Inter-level travel time spent in this place.
 D = Time resting spent in this place.
 E = Time spent auto-exploring this place.
 F = Levels seen in this place.
 G = Mean time per level.
                   A        B        C        D        E       F      G
               +--------+--------+--------+--------+--------+-----+--------+
         Total |   7679 |   7413 |    266 |    706 |   5213 |   9 |  853.2 |
       Dungeon |   7679 |   7413 |    266 |    706 |   5213 |   9 |  853.2 |
               +--------+--------+--------+--------+--------+-----+--------+

Top non-repeatable levels by time:
     D:8: 1287 daAuts
     D:6: 1278 daAuts
     D:5: 1045 daAuts
     D:7: 1038 daAuts
     D:2: 943 daAuts
     D:3: 731 daAuts
     D:4: 576 daAuts
     D:1: 566 daAuts
     D:9: 213 daAuts
